[Event "Titled Tuesday Blitz March 01 Late 2022"]
[White "Estrada Nieto, Julian"]
[Black "Janturin, Artur"]
[WhiteFideId "5101018"]
[BlackFideId "4130022"]
[WhiteElo "2246"]
[BlackElo "2341"]
[Result "0-1"]
[Round "08"]
[TimeControl "180+1"]
[Date "2022.03.02"]
[WhiteClock "0:00:16"]
[BlackClock "0:00:50"]

1. e4 e6 2. d4 d5 3. Nd2 dxe4 4. Nxe4 Nd7 5. Nf3 Ngf6 6. Nxf6+ Nxf6 7. g3 b6 8. Bg2 Bb7 9. O-O Be7 10. Qe2 O-O 11. Rd1 Rc8 12. Ne5 Bxg2 13. Kxg2 Qd5+ 14. Qf3 Rfd8 15. Nc6 Qxf3+ 16. Kxf3 Rd7 17. Nxa7 Ra8 18. Nc6 Nd5 19. Bd2 Bf6 20. c4 Ne7 21. Nxe7+ Bxe7 22. Bc3 Bf6 23. Rd2 c6 24. a3 h5 25. Rad1 b5 26. cxb5 cxb5 27. Bb4 Rd5 28. Ke4 g5 29. f4 Kg7 30. Rc1 Rad8 31. Bc3 Rc8 32. Rcd1 g4 33. h3 Kg6 34. hxg4 hxg4 35. Rh1 Rc4 36. Rd3 Bg7 37. Rhd1 Rh5 38. b3 Rc8 39. Bb4 Rh3 40. f5+ exf5+ 41. Kf4 Re8 0-1


[Site "https://www.chess.com"]

[Event "Titled Tuesday Blitz March 01 Late 2022"]
[White "Ezat, Mohamed"]
[Black "Urazayev, Arystanbek"]
[WhiteFideId "10600906"]
[BlackFideId "13709810"]
[WhiteElo "2386"]
[BlackElo "2321"]
[Result "1-0"]
[Round "08"]
[TimeControl "180+1"]
[Date "2022.03.01"]
[WhiteClock "0:00:31"]
[BlackClock "0:00:26"]

1. d4 d5 2. c4 dxc4 3. e3 Nf6 4. Bxc4 e6 5. Nf3 c5 6. O-O Nc6 7. Qe2 cxd4 8. Rd1 Be7 9. exd4 O-O 10. Nc3 Nb4 11. Ne5 Bd7 12. a3 Nbd5 13. Bg5 Bc6 14. Rac1 Nxc3 15. Rxc3 Ne4 16. Nxc6 Nxc3 17. Nxe7+ Qxe7 18. Bxe7 Nxe2+ 19. Bxe2 Rfc8 20. Bd3 Rc7 21. Bb4 Rd8 22. Bc3 e5 23. d5 f6 24. g3 g6 25. f4 exf4 26. gxf4 Kf7 27. Kg2 Rc5 28. Kf3 b6 29. Bb1 a5 30. a4 Rc4 31. Bc2 Rd6 32. Bb3 Rc8 33. Re1 Rcd8 34. Bd4 Rc8 35. Re6 Rxe6 36. dxe6+ Kg7 37. Bxb6 Rb8 38. e7 Rxb6 39. e8=Q Rxb3+ 40. Kg4 Rxb2 41. Qe7+ Kg8 42. Qxf6 Rxh2 43. Qd8+ Kg7 44. Qxa5 Ra2 45. Qc3+ Kh6 46. a5 Rg2+ 47. Kf3 Rh2 48. Kg3 Ra2 49. f5 gxf5 50. Qf6+ Kh5 51. Qf7+ 1-0


[Site "https://www.chess.com"]

[Event "Titled Tuesday Blitz March 01 Late 2022"]
[White "Fishbein, Alexander"]
[Black "Svane, Rasmus"]
[WhiteFideId "2000377"]
[BlackFideId "4657101"]
[WhiteElo "2442"]
[BlackElo "2645"]
[Result "0-1"]
[Round "08"]
[TimeControl "180+1"]
[Date "2022.03.01"]
[WhiteClock "0:00:18"]
[BlackClock "0:01:11"]

1. e4 c6 2. d4 d5 3. Nc3 dxe4 4. Nxe4 Nf6 5. Qd3 Nxe4 6. Qxe4 Qd5 7. Bd3 Qxe4+ 8. Bxe4 Nd7 9. Nf3 Nf6 10. Bd3 Bg4 11. Ne5 Bh5 12. c3 e6 13. Bd2 Bd6 14. Nc4 Bc7 15. a4 Bg6 16. Be2 a5 17. O-O O-O 18. Rfe1 Rfd8 19. Bf3 Nd5 20. Ne5 Kf8 21. g3 Bf5 22. h4 h6 23. g4 Bh7 24. g5 hxg5 25. hxg5 Bf5 26. Kg2 f6 27. gxf6 gxf6 28. Nc4 Kf7 29. Rh1 Rg8+ 30. Kf1 Bd3+ 31. Be2 Be4 32. f3 Bf5 33. Be1 Nf4 34. Ne3 Bg6 35. Ng4 Rh8 36. Rg1 Rh3 37. Bd2 Rah8 38. Bxf4 Bxf4 39. Rd1 Bc2 40. Ra1 Bf5 41. Nf2 Rh2 42. Ng4 Bxg4 43. Rxg4 Rh1+ 44. Rg1 Be3 0-1


[Site "https://www.chess.com"]

[Event "Titled Tuesday Blitz March 01 Late 2022"]
[White "Gareyev, Timur"]
[Black "Sadhwani, Raunak"]
[WhiteFideId "14200937"]
[BlackFideId "35093487"]
[WhiteElo "2586"]
[BlackElo "2616"]
[Result "0-1"]
[Round "08"]
[TimeControl "180+1"]
[Date "2022.03.01"]
[WhiteClock "0:00:01"]
[BlackClock "0:00:10"]

1. d4 Nf6 2. c4 g6 3. Nc3 Bg7 4. e4 d6 5. h3 O-O 6. Bg5 c5 7. d5 e6 8. Bd3 exd5 9. cxd5 h6 10. Bd2 Re8 11. Nge2 a6 12. a4 c4 13. Bc2 Nbd7 14. O-O Nc5 15. Ng3 h5 16. Bg5 Qb6 17. Rb1 Nh7 18. Be3 Qc7 19. Bd4 Nf6 20. Qf3 Qe7 21. Rfe1 Nfd7 22. Bxg7 Kxg7 23. Qd1 Ne5 24. Qd4 Qf6 25. Qe3 Bd7 26. Rf1 h4 27. Nge2 b5 28. axb5 axb5 29. f4 Ned3 30. b4 Na4 31. e5 dxe5 32. Ne4 Qb6 33. Qxb6 Nxb6 34. Nc5 Bf5 35. fxe5 Rxe5 36. Nd4 Rxd5 37. Nxb5 Rad8 38. Nc3 Re5 39. Bxd3 cxd3 40. Rbd1 Nc4 0-1


[Site "https://www.chess.com"]

[Event "Titled Tuesday Blitz March 01 Late 2022"]
[White "Glavina, Pablo"]
[Black "Maltsevskaya, Aleksandra"]
[WhiteFideId "100234"]
[BlackFideId "24174041"]
[WhiteElo "2369"]
[BlackElo "2283"]
[Result "1-0"]
[Round "08"]
[TimeControl "180+1"]
[Date "2022.03.02"]
[WhiteClock "0:01:40"]
[BlackClock "0:01:09"]

1. e4 c5 2. Nf3 e6 3. d4 cxd4 4. Nxd4 Nc6 5. c4 Nf6 6. Nc3 Bb4 7. Nxc6 bxc6 8. Bd3 O-O 9. O-O e5 10. Kh1 h6 11. f4 d6 12. f5 Bc5 13. a3 a5 14. Rb1 Rb8 15. Bd2 Bd4 16. b3 d5 17. cxd5 cxd5 18. Nxd5 Nxd5 19. exd5 Qxd5 20. f6 g6 21. Bxh6 Rd8 22. Qc2 Be6 23. Bxg6 Rbc8 24. Bh7+ Kh8 25. Bg7# 1-0


[Site "https://www.chess.com"]

[Event "Titled Tuesday Blitz March 01 Late 2022"]
[White "Golubev, Mikhail"]
[Black "Kaasen, Tor Fredrik"]
[WhiteFideId "14100983"]
[BlackFideId "1516647"]
[WhiteElo "2374"]
[BlackElo "2335"]
[Result "0-1"]
[Round "08"]
[TimeControl "180+1"]
[Date "2022.03.01"]
[WhiteClock "0:00:09"]
[BlackClock "0:01:50"]

1. e4 e5 2. Nf3 Nc6 3. Bb5 a6 4. Ba4 d6 5. O-O Bd7 6. c3 g6 7. d4 Bg7 8. dxe5 Nxe5 9. Bxd7+ Qxd7 10. Nxe5 dxe5 11. Qxd7+ Kxd7 12. Rd1+ Ke6 13. Be3 Nf6 14. f3 h5 15. Nd2 Bh6 16. Bf2 Rhd8 17. Nb3 b6 18. a4 a5 19. Kf1 Ne8 20. Ke2 Nd6 21. Nd2 f5 22. b3 Rd7 23. exf5+ gxf5 24. Nf1 Rg8 25. g3 f4 26. Nd2 Rf7 27. Ne4 fxg3 28. hxg3 Nxe4 29. fxe4 Rgf8 30. Bg1 Rf3 31. Rd3 Rxd3 32. Kxd3 Rf3+ 33. Kc2 Rxg3 34. Rd1 h4 0-1


[Site "https://www.chess.com"]

[Event "Titled Tuesday Blitz March 01 Late 2022"]
[White "Goryachkina, Aleksandra"]
[Black "Villegas, Pierre"]
[WhiteFideId "4147103"]
[BlackFideId "654183"]
[WhiteElo "2426"]
[BlackElo "2410"]
[Result "1-0"]
[Round "08"]
[TimeControl "180+1"]
[Date "2022.03.02"]
[WhiteClock "0:00:14"]
[BlackClock "0:00:01"]

1. e4 c6 2. d4 d5 3. Nd2 dxe4 4. Nxe4 Nf6 5. Nxf6+ exf6 6. c3 Bd6 7. Bd3 O-O 8. Qc2 Re8+ 9. Ne2 Kh8 10. O-O Nd7 11. Bd2 Nf8 12. Rfe1 Bg4 13. Ng3 g6 14. Rxe8 Qxe8 15. c4 Qd7 16. Bc3 Kg7 17. Ne4 Be7 18. Re1 Ne6 19. d5 cxd5 20. cxd5 Qxd5 21. Bc4 Qc6 22. Qb3 Bf5 23. Bd5 Qc7 24. Ng3 Nc5 25. Qc4 Be6 26. Bxe6 b5 27. Qg4 Nxe6 28. Nh5+ Kg8 29. Nxf6+ Bxf6 30. Bxf6 Re8 31. h3 h5 32. Qf3 Qd7 33. Bc3 f6 34. Qxf6 1-0


[Site "https://www.chess.com"]

[Event "Titled Tuesday Blitz March 01 Late 2022"]
[White "Gutenev, Alexander"]
[Black "Salinas Herrera, Pablo"]
[WhiteFideId "4195540"]
[BlackFideId "3407128"]
[WhiteElo "2403"]
[BlackElo "2541"]
[Result "1-0"]
[Round "08"]
[TimeControl "180+1"]
[Date "2022.03.01"]
[WhiteClock "0:00:09"]
[BlackClock "0:00:01"]

1. e4 c5 2. Nc3 e6 3. Nf3 a6 4. d4 cxd4 5. Nxd4 Qc7 6. Be2 Nf6 7. O-O d6 8. Be3 Be7 9. f4 O-O 10. Kh1 Nbd7 11. a4 b6 12. Bf3 Bb7 13. Qe2 Rfe8 14. Rad1 Bf8 15. Nb3 Bc6 16. Nd4 Bb7 17. Nb3 Rac8 18. Rfe1 e5 19. f5 Qb8 20. g4 Rxc3 21. bxc3 Nxe4 22. Qg2 Qa8 23. Nd2 d5 24. Bxe4 dxe4 25. Nc4 Bc6 26. a5 bxa5 27. Nxa5 h6 28. h4 Nf6 29. g5 hxg5 30. hxg5 Nh5 31. g6 fxg6 32. fxg6 Re6 33. Qh3 Rxg6 34. Qxh5 Be8 35. Qf5 Rf6 36. Qg4 Rg6 37. Qh3 Bf7 38. Rg1 Rxg1+ 39. Kxg1 Qb8 40. Nb3 Qb5 41. Qf1 Qc6 42. Qf5 Qxc3 43. Qxe4 Qc8 44. Kg2 Qe6 45. Nd2 Bg6 46. Qc4 Qxc4 47. Nxc4 Bxc2 48. Rc1 Be4+ 49. Kf2 Be7 50. Ra1 Bd3 51. Nxe5 Bf6 52. Bd4 Bb5 53. Ke3 Bg5+ 54. Ke4 Bf6 55. Kd5 Bg5 56. Nc4 Kh7 57. Nd6 Be2 58. Rg1 Bh6 59. Nf5 g6 60. Nxh6 Kxh6 61. Be3+ Kh7 62. Ke5 Kg7 63. Bd4 Kf7 64. Rg2 Bd3 65. Rf2+ Ke7 66. Rh2 Kd7 67. Kd5 g5 68. Rg2 1-0


[Site "https://www.chess.com"]

[Event "Titled Tuesday Blitz March 01 Late 2022"]
[White "Harvey, Marcus R"]
[Black "Kollars, Dmitrij"]
[WhiteFideId "400092"]
[BlackFideId "12909572"]
[WhiteElo "2485"]
[BlackElo "2584"]
[Result "0-1"]
[Round "08"]
[TimeControl "180+1"]
[Date "2022.03.01"]
[WhiteClock "0:00:02"]
[BlackClock "0:00:22"]

1. c4 e5 2. Nc3 Bb4 3. Nd5 a5 4. Nf3 d6 5. a3 Bc5 6. d4 exd4 7. Nxd4 Ne7 8. Nxe7 Qxe7 9. e3 O-O 10. Be2 Bd7 11. O-O a4 12. Bf3 Nc6 13. Nb5 Be6 14. Bd5 Ne5 15. Nc3 Nxc4 16. Bxb7 Rab8 17. Bc6 Nxb2 18. Bxb2 Rxb2 19. Nxa4 Bb3 20. Qd3 Bxa4 21. Bxa4 Qf6 22. Bc2 Qg6 23. Qxg6 hxg6 24. Be4 Rd8 25. Bd5 Rd2 26. e4 Rb8 27. a4 Rbb2 28. a5 Kh7 29. a6 Bxf2+ 30. Rxf2 Rxf2 31. e5 c6 32. a7 cxd5 33. a8=Q Rxg2+ 34. Kh1 Rxh2+ 35. Kg1 Rbg2+ 36. Kf1 Rf2+ 37. Kg1 Rhg2+ 38. Kh1 Rh2+ 39. Kg1 Rfg2+ 40. Kf1 Rd2 41. Kg1 dxe5 42. Qc6 e4 43. Qc5 Rdg2+ 44. Kf1 Rc2 45. Kg1 Rxc5 0-1


[Site "https://www.chess.com"]

[Event "Titled Tuesday Blitz March 01 Late 2022"]
[White "Hjartarson, Johann"]
[Black "Vusatiuk, Vladimir"]
[WhiteFideId "2300044"]
[BlackFideId "14118610"]
[WhiteElo "2484"]
[BlackElo "2157"]
[Result "1-0"]
[Round "08"]
[TimeControl "180+1"]
[Date "2022.03.01"]
[WhiteClock "0:01:48"]
[BlackClock "0:00:34"]

1. e4 c5 2. Ne2 d6 3. g3 g6 4. Bg2 Bg7 5. c3 Nf6 6. d4 cxd4 7. cxd4 O-O 8. Nbc3 Nc6 9. O-O a6 10. h3 Nd7 11. Be3 b5 12. Qd2 Bb7 13. Rac1 Na5 14. b3 Rc8 15. Rfd1 Nb6 16. d5 Nd7 17. Nd4 Ba8 18. Nce2 Nf6 19. Rxc8 Qxc8 20. Qxa5 Nd7 21. Rc1 Qb7 22. Rc7 Qb6 23. Qxb6 Nxb6 24. Nc6 Bxc6 25. Rxc6 1-0


[Site "https://www.chess.com"]

[Event "Titled Tuesday Blitz March 01 Late 2022"]
[White "Ibadov, Dashgyn"]
[Black "Mirzoev, Azer"]
[WhiteFideId "24107514"]
[BlackFideId "13400304"]
[WhiteElo "2084"]
[BlackElo "2525"]
[Result "1-0"]
[Round "08"]
[TimeControl "180+1"]
[Date "2022.03.01"]
[WhiteClock "0:00:04"]
[BlackClock "0:00:06"]

1. e4 c5 2. Nf3 e6 3. d4 cxd4 4. Nxd4 a6 5. Nc3 b5 6. Bd3 Bb7 7. O-O Nc6 8. Nxc6 Bxc6 9. e5 Ne7 10. Qg4 Ng6 11. Qg3 Qc7 12. Re1 Be7 13. Bg5 Bxg5 14. Qxg5 O-O 15. a3 f5 16. exf6 Rxf6 17. Ne4 Rf5 18. Qg3 Qxg3 19. hxg3 Ne5 20. Rad1 Nxd3 21. Rxd3 Rd5 22. Rxd5 Bxd5 23. c3 Kf7 24. f3 Ke7 25. Kf2 h6 26. g4 a5 27. Ke3 a4 28. Rd1 d6 29. Nf2 Rc8 30. Nd3 Bb7 31. Nf4 e5 32. Nh5 Rg8 33. Ng3 Ke6 34. Nf5 d5 35. Rh1 Bc6 36. Ng3 Rd8 37. Rh5 Be8 38. Rh1 Bg6 39. Rd1 Rc8 40. Nh5 Bxh5 41. gxh5 Rc4 42. g4 Rc8 43. f4 exf4+ 44. Kxf4 Rf8+ 45. Ke3 Ke5 46. Re1 Rf4 47. Kd3+ Kd6 48. Rg1 Rf3+ 49. Kd4 Rf2 50. g5 Rf4+ 51. Ke3 Re4+ 52. Kd3 Kc5 53. gxh6 gxh6 54. Rg6 Rh4 55. Rxh6 Rh2 56. Rh8 Rxb2 57. h6 1-0


[Site "https://www.chess.com"]

[Event "Titled Tuesday Blitz March 01 Late 2022"]
[White "Iskusnyh, Sergei"]
[Black "Petrova, Irina"]
[WhiteFideId "4120027"]
[BlackFideId "14124122"]
[WhiteElo "2492"]
[BlackElo "1988"]
[Result "1-0"]
[Round "08"]
[TimeControl "180+1"]
[Date "2022.03.02"]
[WhiteClock "0:00:39"]
[BlackClock "0:01:11"]

1. d4 d6 2. Nf3 g6 3. c4 Bg7 4. Nc3 Nc6 5. g3 Nf6 6. Bg2 O-O 7. O-O e5 8. dxe5 Nxe5 9. b3 Nxf3+ 10. Bxf3 Bf5 11. Bb2 Ne4 12. Qc1 Nxc3 13. Bxc3 Re8 14. Bxg7 Kxg7 15. Qb2+ Qf6 16. Qxf6+ Kxf6 17. Bxb7 Rab8 18. Bf3 Be4 19. Bxe4 Rxe4 20. e3 a5 21. Rfd1 a4 22. Rd3 Rb4 23. Kf1 Re8 24. Ke2 Reb8 25. c5 axb3 26. cxd6 b2 27. Rb1 cxd6 28. Rxd6+ Ke5 29. Rd2 f5 30. h4 h6 31. a4 Rxa4 32. Rdxb2 Rxb2+ 33. Rxb2 Ra6 34. Rb7 Kf6 35. Rh7 h5 36. Rb7 Rc6 37. Rd7 Re6 38. Kd3 Ra6 39. Rc7 Rd6+ 40. Ke2 Ra6 41. Kf3 Re6 42. Rc4 Ra6 43. Kf4 Rb6 44. f3 Ra6 45. e4 fxe4 46. fxe4 Rb6 47. Rc5 Ra6 48. Rb5 Rc6 49. Rd5 Ra6 50. Rd6+ Rxd6 51. e5+ Ke6 52. exd6 Kxd6 53. Kg5 1-0


[Site "https://www.chess.com"]

[Event "Titled Tuesday Blitz March 01 Late 2022"]
[White "Jakubowska, Anna"]
[Black "Clawitter, Craig"]
[WhiteFideId "1121952"]
[BlackFideId "2023105"]
[WhiteElo "1924"]
[BlackElo "2227"]
[Result "0-1"]
[Round "08"]
[TimeControl "180+1"]
[Date "2022.03.02"]
[WhiteClock "0:00:21"]
[BlackClock "0:00:05"]

1. e4 e6 2. d4 d5 3. Nd2 Be7 4. Ngf3 Nf6 5. Bd3 c5 6. exd5 exd5 7. dxc5 O-O 8. O-O a5 9. Nb3 Na6 10. Bxa6 Rxa6 11. a4 Ne4 12. Be3 Bg4 13. h3 Bh5 14. g4 Bg6 15. Ne5 Bf6 16. Bd4 Bxe5 17. Bxe5 Re8 18. f4 Qh4 19. Qf3 Ng5 20. fxg5 Rxe5 21. Nd4 Rxg5 22. Rae1 h5 23. Kh2 hxg4 24. Qg3 Qh5 25. h4 Rf6 26. Kg2 Rgf5 27. Nxf5 Rxf5 28. Qb8+ Kh7 29. Qxb7 Rxf1 30. Rxf1 Qxh4 31. Rh1 Be4+ 32. Kf1 Qxh1+ 33. Ke2 Qf3+ 34. Kd2 Qf2+ 35. Kc3 Qxc5+ 36. Kd2 Qxc2+ 37. Ke3 d4+ 0-1


[Site "https://www.chess.com"]

[Event "Titled Tuesday Blitz March 01 Late 2022"]
[White "Janaszak, Dawid"]
[Black "Romero Ruscalleda, Josep"]
[WhiteFideId "1119206"]
[BlackFideId "2231859"]
[WhiteElo "2199"]
[BlackElo "2311"]
[Result "1-0"]
[Round "08"]
[TimeControl "180+1"]
[Date "2022.03.02"]
[WhiteClock "0:02:27"]
[BlackClock "0:01:37"]

1. e4 g6 2. Nc3 Bg7 3. h4 h5 4. Bc4 d6 5. d4 Nc6 6. Be3 e5 7. Nge2 Nf6 8. f3 a6 9. Qd2 b5 10. Bb3 Na5 11. O-O-O Nxb3+ 12. axb3 exd4 13. Bxd4 Be6 14. Nf4 Qd7 15. Kb1 O-O 16. g4 hxg4 17. h5 Nxh5 18. Nxh5 gxh5 19. Bxg7 Kxg7 20. Qg5+ 1-0


[Site "https://www.chess.com"]

[Event "Titled Tuesday Blitz March 01 Late 2022"]
[White "Jaracz, Pawel"]
[Black "Paravyan, David"]
[WhiteFideId "1102222"]
[BlackFideId "4194985"]
[WhiteElo "2429"]
[BlackElo "2569"]
[Result "0-1"]
[Round "08"]
[TimeControl "180+1"]
[Date "2022.03.01"]
[WhiteClock "0:00:40"]
[BlackClock "0:00:46"]

1. e4 e5 2. Nf3 Nf6 3. Nxe5 d6 4. Nf3 Nxe4 5. Nc3 Nxc3 6. dxc3 Be7 7. Bf4 O-O 8. Bd3 Bg4 9. h3 Bh5 10. g4 Bg6 11. Qd2 Qd7 12. Nd4 Bf6 13. Nf5 Re8+ 14. Kf1 Na6 15. h4 Qc6 16. Rh3 Nc5 17. Be2 Ne4 18. Qd3 Qb6 19. Re3 Qxb2 20. Re1 Bxf5 21. gxf5 Nc5 22. Bf3 Rxe3 23. Qxe3 Rf8 24. Bd5 Qxc2 25. Kg2 Qxf5 26. Bf3 Nd3 0-1


[Site "https://www.chess.com"]

[Event "Titled Tuesday Blitz March 01 Late 2022"]
[White "Jobava, Baadur"]
[Black "Rorrer, Grayson"]
[WhiteFideId "13601520"]
[BlackFideId "30944996"]
[WhiteElo "2617"]
[BlackElo "2122"]
[Result "1-0"]
[Round "08"]
[TimeControl "180+1"]
[Date "2022.03.01"]
[WhiteClock "0:01:53"]
[BlackClock "0:00:07"]

1. d4 Nf6 2. Nc3 d5 3. Bf4 c5 4. e3 cxd4 5. exd4 a6 6. Bd3 Nc6 7. Nge2 Bg4 8. f3 Bh5 9. h4 Bg6 10. g4 e6 11. h5 Bxd3 12. Qxd3 Bd6 13. g5 Bxf4 14. Nxf4 Qd6 15. Qe3 Nd7 16. O-O-O O-O-O 17. g6 Rdf8 18. Nce2 fxg6 19. hxg6 h6 20. Qxe6 Qxe6 21. Nxe6 Rxf3 22. N2f4 Nf8 23. Rhf1 Rxf1 24. Rxf1 Nxe6 25. Nxe6 h5 26. c3 h4 27. Nxg7 Rg8 28. Nf5 Rxg6 29. Nxh4 Rg4 30. Nf5 Rg2 31. Ne3 Rg5 32. Kd2 Kd7 33. Rf7+ Ne7 34. Kd3 Ke6 35. Rh7 Rg3 36. Ke2 Rg6 37. a4 Kd6 38. a5 Re6 39. Kd3 Rg6 40. b3 Rg3 41. Ke2 Rg6 42. Kd2 Re6 43. Kd3 Rg6 44. c4 Rg3 45. Ke2 dxc4 46. bxc4 Rg5 47. d5 Rg6 48. Kd3 Rf6 49. c5+ Kd7 50. d6 1-0


[Site "https://www.chess.com"]

[Event "Titled Tuesday Blitz March 01 Late 2022"]
[White "Kamsky, Gata"]
[Black "Grischuk, Alexander"]
[WhiteFideId "2000024"]
[BlackFideId "4126025"]
[WhiteElo "2645"]
[BlackElo "2762"]
[Result "1-0"]
[Round "08"]
[TimeControl "180+1"]
[Date "2022.03.01"]
[WhiteClock "0:00:04"]
[BlackClock "0:00:05"]

1. e4 e6 2. Qe2 c5 3. g3 Nc6 4. Bg2 g6 5. Nf3 Bg7 6. O-O d6 7. c4 Nge7 8. Nc3 O-O 9. d3 a6 10. a4 b6 11. Bf4 h6 12. h4 Bb7 13. Qd2 Kh7 14. Rab1 Qd7 15. Rfe1 Rae8 16. Be3 f5 17. d4 cxd4 18. Nxd4 Ne5 19. b3 Ng4 20. Rbd1 Qc8 21. Nde2 Nxe3 22. Qxe3 Rd8 23. Qxb6 f4 24. gxf4 e5 25. fxe5 Bxe5 26. Rd3 Ba8 27. Bh3 Qc5 28. Qxc5 dxc5 29. Red1 Rxd3 30. Rxd3 Nc6 31. Rd7+ Kh8 32. Be6 Nd4 33. Bd5 Nf3+ 34. Kf1 Nxh4 35. Bxa8 Rxa8 36. Nd5 Rf8 37. a5 Nf3 38. Ne7 Rf6 39. Rb7 Nd2+ 40. Kg2 Nxe4 41. f4 Bd6 42. Kf3 Nd2+ 43. Kg4 h5+ 44. Kg5 Ne4+ 45. Kh6 Bxe7 46. Rxe7 Nd6 47. Kg5 Rf8 48. Kxg6 h4 49. Rh7+ Kg8 50. Rxh4 Ne4 51. Kh5 Nf6+ 52. Kg5 Kf7 53. Kf5 Rb8 54. Nc3 Rxb3 55. Nd5 Ne8 56. Rh7+ Ng7+ 57. Ke5 Rb1 58. f5 Re1+ 59. Kd6 Kg8 60. Nf6+ Kf8 61. Nd7+ Kg8 62. Rh3 Nxf5+ 63. Kxc5 Kf7 64. Nb8 Ke6 65. Rd3 Ra1 66. Nc6 Kf6 67. Kb6 Rb1+ 68. Kxa6 Rc1 69. Kb5 Rb1+ 70. Kc5 Ra1 71. Rd7 Ke6 72. Rd2 Ng3 73. Kb6 Ne4 74. Re2 Kf5 75. a6 Rb1+ 76. Kc7 Nc5 77. a7 Ra1 78. Kb6 Nd7+ 79. Kb5 Rb1+ 80. Nb4 Ra1 81. Na6 Rb1+ 82. Kc6 Rb6+ 83. Kxd7 Rxa6 84. c5 Rxa7+ 85. Kd6 1-0


[Site "https://www.chess.com"]

[Event "Titled Tuesday Blitz March 01 Late 2022"]
[White "Kanyamarala, Trisha"]
[Black "Zhurbinsky, David"]
[WhiteFideId "45004722"]
[BlackFideId "2072904"]
[WhiteElo "2002"]
[BlackElo "2520"]
[Result "1-0"]
[Round "08"]
[TimeControl "180+1"]
[Date "2022.03.02"]
[WhiteClock "0:00:09"]
[BlackClock "0:00:09"]

1. c4 Nf6 2. Nc3 e6 3. e4 d5 4. e5 d4 5. exf6 dxc3 6. bxc3 Qxf6 7. d4 c5 8. Nf3 h6 9. Bd3 Bd6 10. O-O O-O 11. Bc2 Nc6 12. Qd3 Qf5 13. Qe2 Qh5 14. h3 f5 15. Rd1 cxd4 16. cxd4 e5 17. dxe5 Bxe5 18. Rb1 Re8 19. Qd3 Be6 20. Rxb7 Rad8 21. Qf1 Na5 22. Rxa7 Bxc4 23. Bd3 Bxd3 24. Rxd3 Nc6 25. Rxd8 Rxd8 26. Qc4+ Kh8 27. Nxe5 Nxe5 28. Qc7 Rd1+ 29. Kh2 Ng4+ 30. Kg3 f4+ 31. Bxf4 Rd3+ 32. Be3 Qg6 33. hxg4 h5 34. Qc8+ Kh7 35. Qf5 hxg4 36. Qxg6+ Kxg6 37. Kxg4 Rd5 38. Ra6+ Kh7 39. Kf3 Rb5 40. g4 Rb2 41. Kg3 Re2 42. a4 Re1 43. a5 Rg1+ 44. Kf3 Rb1 45. Ra7 Rb3 46. a6 Ra3 47. Ra8 Kg6 48. a7 Ra4 49. Rc8 Ra6 50. a8=Q Rf6+ 51. Kg2 Kh7 52. Qe4+ g6 53. Qe7+ Rf7 54. Qxf7# 1-0


[Site "https://www.chess.com"]

[Event "Titled Tuesday Blitz March 01 Late 2022"]
[White "Kaplan, Ebru"]
[Black "Winkels, Marcel"]
[WhiteFideId "6315194"]
[BlackFideId "1003887"]
[WhiteElo "1941"]
[BlackElo "1900"]
[Result "1-0"]
[Round "08"]
[TimeControl "180+1"]
[Date "2022.03.02"]
[WhiteClock "0:01:46"]
[BlackClock "0:01:20"]

1. e4 g6 2. d4 Bg7 3. Nf3 c6 4. Bd3 d5 5. e5 h5 6. c4 Nh6 7. Nc3 Bf5 8. Bxh6 Bxh6 9. Bxf5 gxf5 10. cxd5 cxd5 11. Qb3 e6 12. Qxb7 Nd7 13. Nb5 Rb8 14. Nd6+ Kf8 15. Qxa7 Rxb2 16. O-O Rg8 17. Rab1 Rxb1 18. Rxb1 Rg7 19. Rb7 f6 20. exf6 Nxf6 21. Rxg7 Bxg7 22. Qf7# 1-0


[Site "https://www.chess.com"]

[Event "Titled Tuesday Blitz March 01 Late 2022"]
[White "Karttunen, Mika"]
[Black "Przybylski, Wojciech"]
[WhiteFideId "502081"]
[BlackFideId "1117599"]
[WhiteElo "2343"]
[BlackElo "2133"]
[Result "1-0"]
[Round "08"]
[TimeControl "180+1"]
[Date "2022.03.02"]
[WhiteClock "0:00:23"]
[BlackClock "0:00:04"]

1. e4 e5 2. Nf3 Nc6 3. Bb5 Nf6 4. O-O Nxe4 5. d4 Nd6 6. Bxc6 dxc6 7. dxe5 Nf5 8. Qxd8+ Kxd8 9. Nc3 Ke8 10. h3 Be6 11. Bf4 Be7 12. g4 Nh4 13. Nd4 Bd7 14. Bg3 h5 15. f3 a6 16. Bxh4 Bxh4 17. Kg2 g6 18. Ne4 Rd8 19. g5 Bf5 20. Nxf5 gxf5 21. Nf6+ Ke7 22. f4 Rd2+ 23. Kf3 Rhd8 24. Rac1 Rh2 25. Rcd1 Rxh3+ 26. Kg2 Rg3+ 27. Kh2 Rxd1 28. Rxd1 Rf3 29. Rd7+ Ke6 30. Rd8 Bg3+ 31. Kg2 Rxf4 32. Re8# 1-0


[Site "https://www.chess.com"]

[Event "Titled Tuesday Blitz March 01 Late 2022"]
[White "Khabinets, Ivan"]
[Black "Ladan, Nicholas"]
[WhiteFideId "14115980"]
[BlackFideId "30918855"]
[WhiteElo "2114"]
[BlackElo "2366"]
[Result "1-0"]
[Round "08"]
[TimeControl "180+1"]
[Date "2022.03.02"]
[WhiteClock "0:00:50"]
[BlackClock "0:00:01"]

1. e4 e5 2. Nf3 Nc6 3. Bb5 a6 4. Ba4 g6 5. Nc3 Bg7 6. d4 exd4 7. Nd5 h6 8. O-O Nge7 9. Bf4 d6 10. Nxd4 O-O 11. Nxc6 bxc6 12. Nc3 Rb8 13. Bb3 c5 14. Rb1 Nc6 15. Qd2 Kh7 16. Nd5 Nd4 17. Bc4 Ne6 18. c3 Nxf4 19. Nxf4 Qg5 20. Rbd1 Bg4 21. f3 Bc8 22. Nd5 c6 23. Ne3 Rxb2 24. Qxb2 Qxe3+ 25. Kh1 Bxc3 26. Qe2 Qxe2 27. Bxe2 Bd4 28. Rb1 Be6 29. a4 c4 30. Rfd1 Be3 31. Rxd6 Kg7 32. Rxc6 Rd8 33. Bxc4 Bxc4 34. Rxc4 Rd2 35. Rc6 Bd4 36. Rxa6 h5 37. Rd6 h4 38. h3 Rd3 39. a5 g5 40. a6 1-0


[Site "https://www.chess.com"]

[Event "Titled Tuesday Blitz March 01 Late 2022"]
[White "Kopczynski, Michal"]
[Black "Bellissimo, Joseph F."]
[WhiteFideId "1124200"]
[BlackFideId "2609843"]
[WhiteElo "2235"]
[BlackElo "2061"]
[Result "1-0"]
[Round "08"]
[TimeControl "180+1"]
[Date "2022.03.02"]
[WhiteClock "0:00:12"]
[BlackClock "0:00:32"]

1. e4 e6 2. d4 d5 3. Nc3 Nf6 4. e5 Nfd7 5. f4 c5 6. dxc5 Bxc5 7. Nf3 Nc6 8. Bd3 a6 9. Qe2 b5 10. Bd2 Bb7 11. O-O-O Nb6 12. f5 Nc4 13. fxe6 fxe6 14. Ng5 Qd7 15. Qh5+ Kd8 16. Nf7+ Kc7 17. Nxh8 Rxh8 18. Bxc4 bxc4 19. Bf4 Rf8 20. Nxd5+ Kb8 21. Nb4 Qc7 22. Nxc6+ Bxc6 23. Bg3 Bxg2 24. Rhe1 Qa5 25. Kb1 Bd5 26. Rxd5 exd5 27. e6+ Ka7 28. e7 Bf2 29. Bxf2+ Rxf2 30. e8=Q Qd2 31. Qd1 c3 32. Qe3+ d4 33. Qexd2 cxd2 34. Rf1 Rxh2 35. Rf7+ Kb6 36. Rxg7 h5 37. Rg1 h4 38. Rh1 Rf2 39. Rxh4 Kc5 40. Rh3 a5 41. Rd3 a4 42. Rxd2 Rf4 43. Rd3 a3 44. Rxa3 Kc4 45. Ra4+ Kc5 46. a3 Re4 47. Qd2 Kd6 48. Rxd4+ Kc5 49. Rxe4 Kb5 50. Qd5+ Kb6 51. Re6+ Kc7 52. Qd6+ Kc8 53. Re8+ Kb7 54. Rb8+ Ka7 55. Qb6# 1-0


[Site "https://www.chess.com"]

[Event "Titled Tuesday Blitz March 01 Late 2022"]
[White "Kosakowski, Jakub"]
[Black "Van Foreest, Jorden"]
[WhiteFideId "1185080"]
[BlackFideId "1039784"]
[WhiteElo "2476"]
[BlackElo "2609"]
[Result "0-1"]
[Round "08"]
[TimeControl "180+1"]
[Date "2022.03.01"]
[WhiteClock "0:00:21"]
[BlackClock "0:01:24"]

1. e4 a6 2. d4 b6 3. Nf3 Bb7 4. Bd3 d6 5. O-O Nd7 6. Re1 e5 7. Nc3 Ngf6 8. a4 Be7 9. h3 O-O 10. b3 Re8 11. Bb2 Bf8 12. dxe5 dxe5 13. Bc4 h6 14. Qe2 c6 15. Rad1 b5 16. Bd3 Qc7 17. Nh2 Nc5 18. Bc1 Ne6 19. Ng4 Nd7 20. axb5 Nd4 21. Qe3 axb5 22. Qg3 Kh8 23. Bxb5 Nxb5 24. Nxb5 cxb5 25. Bxh6 Ra6 26. Bc1 Rg6 27. f4 exf4 28. Bxf4 Qc6 29. Rd5 Kg8 30. Rg5 Rxe4 31. Rxe4 Qxe4 32. Rxg6 Qxg6 33. Qf2 Qe4 34. Be3 Ne5 35. Nxe5 Qxe5 36. c4 Bd6 37. Bd4 Qh2+ 38. Kf1 Qh1+ 39. Ke2 bxc4 40. bxc4 Qxg2 0-1


[Site "https://www.chess.com"]